 Dungeon Crawl Stone Soup version 0.19.1-1-g22dce08 (webtiles) character file.

238 RaHiT the Magician (level 5, 0/35 HPs)
             Began as a Mummy Conjurer on Jan 19, 2017.
             Slain by Grinder (5 damage)
             ... on level 4 of the Dungeon.
             The game lasted 00:12:11 (3475 turns).

RaHiT the Magician (Mummy Conjurer)                 Turns: 3475, Time: 00:12:12

Health: 0/35       AC:  4    Str: 11    XL:     5   Next: 78%
Magic:  1/12       EV: 14    Int: 15    God:
Gold:   200        SH:  0    Dex: 13    Spells: 3 memorised, 7 levels left

rFire  x . .     SeeInvis .     n - +2 dagger (venom)
rCold  + . .     Gourm    .     a - +0 robe
rNeg   + + +     Faith    .     (no shield)
rPois  ∞         Spirit   .     (no helmet)
rElec  .         Reflect  .     k - +0 cloak
rCorr  .         Harm     .     i - +0 pair of gloves
MR     .....                    (no boots)
Stlth  ++........               (no amulet)
                                (no ring)
                                j - +2 ring of evasion

@: no status effects
A: no food or potions, fire vulnerability, cold resistance 1, negative energy
resistance 3, torment resistance, unbreathing
a: no special abilities


You were on level 4 of the Dungeon.
You were not hungry.

You visited 1 branch of the dungeon, and saw 4 of its levels.

You collected 200 gold pieces.

Inventory:

Hand Weapons
 l - a +0 spear
 n - a +2 dagger of venom (weapon)
Missiles
 d - 97 sling bullets
Armour
 a - a +0 robe (worn)
 i - a +0 pair of gloves (worn)
 k - a +0 cloak (worn)
 q - a +0 shield
Jewellery
 j - a +2 ring of evasion (left hand)
Wands
 p - a wand of polymorph (0/24)
Scrolls
 c - 2 scrolls of random uselessness
 e - 2 scrolls of remove curse {unknown}
 f - 4 scrolls of enchant armour {unknown}
 g - a scroll of enchant weapon {unknown}
 h - 2 scrolls of blinking {unknown}
 m - a scroll of teleportation {unknown}
 o - 2 scrolls of identify
 r - 2 scrolls of magic mapping {unknown}
Books
 b - a book of Conjurations

   Spells                             Type                      Level
   a - Magic Dart                     Conjuration                  1
   b - Searing Ray                    Conjuration                  2
   c - Dazzling Spray                 Conjuration/Hexes            3
   d - Fulminant Prism                Conjuration/Hexes            4
   e - Iskenderun's Mystic Blast      Conjuration                  4
   f - Iskenderun's Battlesphere      Conjuration/Charms           5


   Skills:
 + Level 1.8 Dodging
 - Level 1.5 Stealth
 + Level 0.4 Shields
 - Level 5.1 Spellcasting
 * Level 3.7 Conjurations


You had 7 spell levels left.
You knew the following spells:

 Your Spells              Type           Power        Failure   Level  Hunger
a - Magic Dart            Conj           ###.         3%          1    N/A
b - Iskenderun's Mystic   Conj           ###.....     34%         4    N/A
q - Searing Ray           Conj           ###...       6%          2    N/A

Dungeon Overview and Level Annotations

Branches:
Dungeon (4/15)
 Temple: D:4-7

Altars:
Gozag
Kikubaaqudgha

Annotations:
D:4 Grinder


Innate Abilities, Weirdness & Mutations

You do not eat or drink.
Your flesh is vulnerable to fire.
You are immune to poison.
Your flesh is cold resistant. (rC+)
You are immune to negative energy. (rN+++)
You are immune to unholy pain and torment.
You can survive without breathing.


Message History

Grinder is severely wounded.
Grinder hits you.
* * * LOW HITPOINT WARNING * * *
Casting: Searing Ray
Confirm with . or Enter, or press ? or * to list all spells.
Aiming: Magic Dart
Press: ? - help, Shift-Dir - straight line, f/p - Grinder
Aim: Grinder (severely wounded)
The magic dart hits Grinder.
Grinder is severely wounded.
Grinder hits you.
* * * LOW HITPOINT WARNING * * *
As you read the scroll labeled FOAXAOHASYA, it crumbles to dust.
It is a scroll of identify.
c - 2 scrolls of random uselessness Grinder gestures at you.
You are unaffected.
Grinder barely misses you. Grinder hits you.
You die...

........###...##
.........#..#..#
.....5...#.###.#
.........#.###.##
........##.#_...##
........+..#...._#.#
........##.#_...##.###.....
.........#.###.##.....%....
...##....#@###.#...........
.........#.5#..#...........
..#####.##...##...........
..........##.##.##.........
......##...#_#...#.........
..........####..#.........
...........#.#............
.......<...#.#.#'####.....
..#####.#...........#.....


You could see Grinder.

Vanquished Creatures
  A centaur (D:3)
  A scorpion (D:4)
  5 adders
  An ooze (D:3)
  3 worms
  A dart slug (D:1)
  2 leopard geckos (D:1)
  6 bats
  5 giant cockroaches
  5 goblins
  4 hobgoblins
  2 jackals (D:1)
  6 kobolds
  A quokka (D:3)
  2 ball pythons
  5 frilled lizards
  11 rats
61 creatures vanquished.

Notes
Turn   | Place    | Note
-------+----------+-------------------------------------------
     0 | D:1      | RaHiT the Mummy Conjurer began the quest for the Orb.
     0 | D:1      | Reached XP level 1. HP: 13/13 MP: 3/3
   615 | D:1      | Reached XP level 2. HP: 19/19 MP: 0/5
   619 | D:1      | Learned a level 2 spell: Searing Ray
   927 | D:1      | Reached skill level 3 in Spellcasting
  1413 | D:1      | Reached XP level 3. HP: 23/24 MP: 1/7
  1533 | D:2      | Found an ancient bone altar of Kikubaaqudgha.
  1942 | D:2      | Reached skill level 4 in Spellcasting
  2021 | D:2      | Reached XP level 4. HP: 30/30 MP: 10/10
  2033 | D:2      | Learned a level 4 spell: Iskenderun's Mystic Blast
  2637 | D:3      | Noticed a centaur
  2637 | D:3      | a jelly changed into a centaur
  2648 | D:3      | Killed a centaur
  2648 | D:3      | Reached skill level 5 in Spellcasting
  2648 | D:3      | Reached XP level 5. HP: 11/35 MP: 2/12
  3428 | D:4      | Found a faded altar of an unknown god.
  3428 | D:4      | Found a faded altar of an unknown god.
  3434 | D:4      | Found a faded altar of an unknown god.
  3436 | D:4      | Found an opulent altar of Gozag.
  3438 | D:4      | Found a faded altar of an unknown god.
  3451 | D:4      | Noticed Grinder
  3475 | D:4      | Slain by Grinder

Skill      XL: |  1  2  3  4 |
---------------+-------------+-----
Spellcasting   | 3 4 5 |  5.1
Dodging        | |  1.8
Stealth        | |  1.5
Shields        | |  0.4
Conjurations   | |  3.7

Action                   |  1- 3 |  4- 6 || total
-------------------------+-------+-------++-------
Melee: Unarmed           |    21 |       ||    21
       Spear             |     3 |       ||     3
       Dagger            |     9 |    31 ||    40
 Cast: Magic Dart        |    44 |    20 ||    64
       Searing Ray       |     7 |     9 ||    16
       Iskenderun's Myst |       |     1 ||     1
Evoke: Wand              |       |     3 ||     3
  Use: Scroll            |       |     1 ||     1
 Stab: Sleeping          |     1 |     1 ||     2
Armor: Robe              |     8 |     8 ||    16
Dodge: Dodged            |    26 |    22 ||    48
